 Dungeon Crawl Stone Soup version 0.29-a0-617-g7a6b98fccd (webtiles) character file.

Game seed: 11667603076240770622

17390 YayAnonymity the Blocker (level 12, 0/97 HPs)
             Began as a Gnoll Fighter on June 18, 2022.
             Was a High Priest of Okawaru.
             Slain by an unseen horror (4 damage)
             ... on level 13 of the Dungeon.
             The game lasted 00:26:44 (17656 turns).

YayAnonymity the Blocker (Gnoll Fighter)           Turns: 17656, Time: 00:26:45

Health: 0/97       AC: 20    Str: 20    XL:     12   Next: 47%
Magic:  25/32      EV: 15    Int:  8    God:    Okawaru [*****.]
Gold:   2128       SH:  7    Dex: 12    Spells: 25/25 levels left

rFire   . . .      SeeInvis .   y - +6 scimitar (freeze)
rCold   . . .      Faith    .   c - +0 buckler
rNeg    . . .      Spirit   .   P - +2 ring mail {rPois}
rPois   +          Reflect  .   (no helmet)
rElec   .          Harm     .   w - +1 cloak
rCorr   .          Rampage  .   g - +0 pair of gloves
Will    .....                   j - +0 pair of boots
Stlth   ++++......              M - amulet of the acrobat
HPRegen 0.26/turn               r - +4 ring of protection
MPRegen 0.23/turn               D - ring of magical power

@: heroic, finesse-ful
A: fangs 1, strong nose, distributed training
a: Renounce Religion, Heroism, Finesse, Duel


You were on level 13 of the Dungeon.
You worshipped Okawaru.
Okawaru was extremely pleased with you.
You visited 2 branches of the dungeon, and saw 14 of its levels.

You collected 2128 gold pieces.

Inventory:

Hand Weapons
 a - a +1 trident
 b - a +1 falchion of electrocution
 y - a +6 scimitar of freezing (weapon)
 z - a +3 dagger
Missiles
 f - 44 poisoned darts (quivered)
 n - 10 javelins
 v - 6 silver boomerangs
 K - 5 atropa-tipped darts
 L - 12 silver javelins
Armour
 c - a +0 buckler (worn)
 g - a +0 pair of gloves (worn)
 j - a +0 pair of boots (worn)
 w - a +1 cloak (worn)
 A - a +0 plate armour
 P - a +2 ring mail of poison resistance (worn)
Jewellery
 r - a +4 ring of protection (left hand)
 D - a ring of magical power (right hand)
 H - a ring of protection from cold
 M - an amulet of the acrobat (around neck)
Wands
 k - a wand of mindburst (9)
 s - a wand of light (4)
 x - a wand of iceblast (21)
 C - a wand of flame (15)
 I - a wand of polymorph (2)
Scrolls
 d - 3 scrolls of amnesia
 i - 2 scrolls of teleportation
 u - a scroll of poison
 F - a scroll of fog
 G - 2 scrolls of identify
 J - a scroll of magic mapping
 N - a scroll of fear
 R - 2 scrolls of enchant weapon
Potions
 e - 5 potions of attraction
 h - a potion of flight
 l - a potion of haste
 m - 8 potions of curing
 o - 3 potions of mutation
 p - 2 potions of ambrosia
 q - 2 potions of heal wounds
 t - a potion of invisibility
 B - 3 potions of magic
 E - 2 potions of brilliance


   Skills:
 + Level 9.9(14.9) Fighting
 + Level 7.3(12.3) Short Blades
 + Level 7.3(12.3) Long Blades
 + Level 7.3(12.3) Axes
 + Level 7.3(12.3) Maces & Flails
 + Level 8.7(13.7) Polearms
 + Level 7.3(12.3) Staves
 + Level 7.3(12.3) Slings
 + Level 7.3(12.3) Bows
 + Level 7.3(12.3) Crossbows
 + Level 7.3(12.3) Throwing
 + Level 9.9(14.9) Armour
 + Level 7.3(12.3) Dodging
 + Level 7.3(12.3) Stealth
 + Level 9.9(14.9) Shields
 + Level 7.3(12.3) Unarmed Combat
 + Level 7.3 Spellcasting
 + Level 6.1 Conjurations
 + Level 6.1 Hexes
 + Level 6.1 Summonings
 + Level 6.1 Necromancy
 + Level 6.1 Translocations
 + Level 6.1 Transmutations
 + Level 6.1 Fire Magic
 + Level 6.1 Ice Magic
 + Level 6.1 Air Magic
 + Level 6.1 Earth Magic
 + Level 6.1 Poison Magic
 + Level 8.0 Invocations
 + Level 7.3 Evocations


You had 25 spell levels left.
You didn't know any spells.
Your spell library contained the following spells:

 Spells                   Type           Power      Damage    Failure   Level
 Beastly Appendage        Tmut           24%        N/A       2%          1
 Magic Dart               Conj           48%        1d5       2%          1
 Necrotize                Necr           48%        1d6       2%          1
 Shock                    Conj/Air       48%        1d6       2%          1
 Ensorcelled Hibernation  Hex/Ice        24%        N/A       4%          2
 Passwall                 Tmut/Erth      10%        N/A       4%          2
 Sublimation of Blood     Necr           12%        N/A       4%          2
 Wereblood                Tmut           12%        N/A       4%          2
 Ignite Poison            Fire/Tmut/Pois 12%        N/A       9%          3
 Mephitic Cloud           Conj/Pois/Air  12%        N/A       9%          3
 Spider Form              Tmut/Pois      12%        N/A       9%          3
 Stone Arrow              Conj/Erth      24%        3d8       9%          3
 Swiftness                Air            12%        N/A       9%          3
 Fulminant Prism          Conj/Hex       6%         3d7       28%         4
 Iskenderun's Mystic Bla  Conj/Tloc      12%        2d5       28%         4
 Fireball                 Conj/Fire      6%         3d5       61%         5
 Freezing Cloud           Conj/Ice/Air   6%         6-21      61%         5
 Iskenderun's Battlesphe  Conj           12%        2d7       61%         5
 Lee's Rapid Deconstruct  Erth           6%         3d7*      61%         5
 Conjure Ball Lightning   Conj/Air       6%         3x3d6     99%         6
 Orb of Destruction       Conj           6%         9d6       100%        7
 Lehudib's Crystal Spear  Conj/Erth      6%         10d3      100%        8
 Death's Door             Necr           6%         N/A       100%        9
 Call Imp                 Summ           Unusable   N/A       N/A         2
 Animate Armour           Summ/Erth      Unusable   N/A       N/A         4

Dungeon Overview and Level Annotations

Branches:
Dungeon (13/15)            Temple (1/1) D:7            Lair (0/6) D:9
    Orc (0/2) D:12
 Vaults: D:13-14

Altars:
Ashenzari
Cheibriados
Dithmenos
Elyvilon
Fedhas
Gozag
Hepliaklqana
Kikubaaqudgha
Makhleb
Nemelex Xobeh
Okawaru
Qazlal
Ru
Sif Muna
Trog
Uskayaw
Vehumet
Wu Jian
Xom
Yredelemnul
Zin
The Shining One
Beogh

Shops:
D:5 **

Annotations:
D:9 3 runed translucent doors, Cheivey's ghost, novice MiFi
D:12 exclusion: hydra


Innate Abilities, Weirdness & Mutations

You have very sharp teeth.
Your uncanny sense of smell can sniff out nearby items.
Your experience applies equally to all skills.


Message History

Something hits you but does no damage.
You block the slime creature's attack. x2
The slime creature hits you but does no damage.
You slash the slime creature! You freeze the slime creature.
The slime creature is heavily wounded.
Something hits you but does no damage. The slime creature closely misses you.
The slime creature hits you but does no damage. x2
You slash the slime creature! You freeze the slime creature.
The slime creature is almost dead.
Something hits you. Something hits you but does no damage.
The slime creature hits you! x2
* * * LOW HITPOINT WARNING * * *
The slime creature hits you!
* * * LOW HITPOINT WARNING * * *
You gain the combat prowess of a mighty hero.
Something hits you but does no damage. The slime creature hits you.
* * * LOW HITPOINT WARNING * * *
You block the slime creature's attack.
The slime creature hits you but does no damage.
You can now deal lightning-fast blows.
The slime creature misses you. You block the slime creature's attack.
Something barely misses you.
The slime creature hits you but does no damage.
You slash the slime creature! You freeze the slime creature.
You kill the slime creature!
Okawaru accepts your kill. Something hits you but does no damage.
The slime creature barely misses you. You block the slime creature's attack.
You slash the slime creature! You freeze the slime creature.
The slime creature is heavily wounded.
Something hits you but does no damage. The slime creature misses you.
The slime creature hits you but does no damage.
You slash the slime creature! You freeze the slime creature.
The slime creature is heavily wounded.
Something hits you!
* * * LOW HITPOINT WARNING * * *
You hit the slime creature but do no damage.
You bite the slime creature.
The slime creature is heavily wounded.
Something hits you.
You die...

........... #..
#............# #..
#............##
#...#........ ....#
#... #...... ....
#...###...# ..#
###.......####..#
#...........{J>.#
##...).#####J@..#
.....#(..(..<#.#.##
... #.....(##.#...
. #....|..#.#####
#.....(.#.#
#..(....#.# ##
.#####...#.#..#
.e............#
...##.#..#.####


You could see 2 slime creatures.

Vanquished Creatures
  A centaur warrior (D:10)
  2 two-headed ogres
  Pikel (D:7)
  A deep elf pyromancer (D:13)
  An ugly thing (D:12)
  A manticore (D:11)
  A gargoyle (D:11)
  A kobold demonologist (D:8)
  2 unseen horrors
  A komodo dragon (D:12)
  A troll (D:9)
  7 slime creatures
  A vampire (D:12)
  30 yaks
  Eustachio (D:5)
  A wyvern (D:9)
  A wraith (D:12)
  10 vampire mosquitoes
  2 water moccasins
  8 orc warriors
  2 black bears
  An ogre (D:6)
  7 centaurs
  2 lemures (D:7)
  7 kobold brigands (D:8)
  Blork the orc (D:5)
  2 bullfrogs
  3 gnoll sergeants
  2 necrophages
  A scorpion (D:5)
  18 wights
  5 killer bees (D:8)
  4 howler monkeys
  2 hounds
  5 orc priests
  2 gnoll shamans
  Crazy Yiuf (D:5)
  2 iguanas
  9 orc wizards
  A mummy (D:7)
  16 gnolls
  5 adders
  2 shadow imps (D:8)
  2 white imps
  An ufetubus (D:5)
  A worm (D:3)
  2 dart slugs (D:2)
  40 orcs
  2 bats (D:1)
  5 endoplasms
  4 giant cockroaches
  5 goblins
  10 hobgoblins
  3 jackals (D:5)
  28 kobolds
  6 quokkas
  8 ball pythons
  4 frilled lizards
  8 kobold skeletons (D:8)
  10 kobold zombies (D:8)
  5 rats
318 creatures vanquished.

Vanquished Creatures (others)
  4 fungi (D:5)
  A plant (D:1)
5 creatures vanquished.

Grand Total: 323 creatures vanquished

Notes
Turn   | Place    | Note
-------+----------+-------------------------------------------
     0 | D:1      | YayAnonymity the Gnoll Fighter began the quest for the Orb.
     0 | D:1      | Reached XP level 1. HP: 23/23 MP: 1/1
    20 | D:1      | You fall into a shaft and drop 1 floor!
    84 | D:1      | Reached XP level 2. HP: 27/29 MP: 2/2
   489 | D:1      | Reached XP level 3. HP: 35/35 MP: 3/3
   884 | D:2      | Reached skill level 1 in Invocations
   991 | D:2      | Reached skill level 1 in Short Blades
   991 | D:2      | Reached skill level 1 in Long Blades
   991 | D:2      | Reached skill level 1 in Axes
   991 | D:2      | Reached skill level 1 in Maces & Flails
   991 | D:2      | Reached skill level 1 in Staves
   991 | D:2      | Reached skill level 1 in Slings
   991 | D:2      | Reached skill level 1 in Bows
   991 | D:2      | Reached skill level 1 in Crossbows
   991 | D:2      | Reached skill level 1 in Throwing
   991 | D:2      | Reached skill level 1 in Dodging
   991 | D:2      | Reached skill level 1 in Stealth
   991 | D:2      | Reached skill level 1 in Unarmed Combat
   991 | D:2      | Reached skill level 1 in Spellcasting
   991 | D:2      | Reached skill level 1 in Evocations
  1127 | D:2      | Reached XP level 4. HP: 32/41 MP: 5/5
  1406 | D:2      | Got the Guide on Gliding Evil Rites
  1587 | D:3      | Reached skill level 1 in Conjurations
  1587 | D:3      | Reached skill level 1 in Hexes
  1587 | D:3      | Reached skill level 1 in Summonings
  1587 | D:3      | Reached skill level 1 in Necromancy
  1587 | D:3      | Reached skill level 1 in Translocations
  1587 | D:3      | Reached skill level 1 in Transmutations
  1587 | D:3      | Reached skill level 1 in Fire Magic
  1587 | D:3      | Reached skill level 1 in Ice Magic
  1587 | D:3      | Reached skill level 1 in Air Magic
  1587 | D:3      | Reached skill level 1 in Earth Magic
  1587 | D:3      | Reached skill level 1 in Poison Magic
  1599 | D:3      | Reached XP level 5. HP: 38/47 MP: 6/6
  2647 | D:5      | Entered Level 5 of the Dungeon
  2711 | D:5      | Noticed Eustachio
  3280 | D:5      | Killed Eustachio
  3281 | D:5      | Reached XP level 6. HP: 53/53 MP: 8/8
  3375 | D:5      | Found Pejy's General Store.
  3375 | D:5      | Found Tiludonu's Specific Store.
  3405 | D:5      | Reached skill level 5 in Polearms
  3643 | D:5      | Noticed Blork the orc
  3653 | D:5      | Killed Blork the orc
  4040 | D:5      | Noticed a water moccasin
  4047 | D:5      | Killed a water moccasin
  4048 | D:5      | Reached XP level 7. HP: 47/60 MP: 7/10
  4341 | D:5      | Found a runed translucent door.
  4342 | D:5      | Noticed Crazy Yiuf
  4348 | D:5      | Killed Crazy Yiuf
  4707 | D:6      | Reached XP level 8. HP: 67/67 MP: 12/12
  6010 | D:7      | Found a staircase to the Ecumenical Temple.
  6020 | Temple   | Entered the Ecumenical Temple
  6313 | Temple   | Became a worshipper of Warmaster Okawaru
  6374 | D:7      | Reached XP level 9. HP: 71/72 MP: 12/14
  7145 | D:7      | Noticed Pikel
  7177 | D:7      | Killed Pikel
  7177 | D:7      | Reached * piety under Okawaru
  7567 | D:7      | Reached skill level 5 in Invocations
  7583 | D:7      | Reached ** piety under Okawaru
  8207 | D:8      | Noticed a two-headed ogre
  8530 | D:8      | Reached XP level 10. HP: 80/80 MP: 17/17
  8931 | D:8      | Reached skill level 5 in Short Blades
  8931 | D:8      | Reached skill level 5 in Long Blades
  8931 | D:8      | Reached skill level 5 in Axes
  8931 | D:8      | Reached skill level 5 in Maces & Flails
  8931 | D:8      | Reached skill level 5 in Staves
  8931 | D:8      | Reached skill level 5 in Slings
  8931 | D:8      | Reached skill level 5 in Bows
  8931 | D:8      | Reached skill level 5 in Crossbows
  8931 | D:8      | Reached skill level 5 in Throwing
  8931 | D:8      | Reached skill level 5 in Dodging
  8931 | D:8      | Reached skill level 5 in Stealth
  8931 | D:8      | Reached skill level 5 in Unarmed Combat
  8931 | D:8      | Reached skill level 5 in Spellcasting
  8931 | D:8      | Reached skill level 5 in Evocations
  9115 | D:8      | Noticed a kobold demonologist
  9126 | D:8      | Noticed a soul eater
  9135 | D:8      | Noticed an orange demon
  9135 | D:8      | Killed a kobold demonologist
  9234 | D:8      | Found an ancient bone altar of Kikubaaqudgha.
  9806 | D:8      | Killed a two-headed ogre
  9806 | D:8      | Reached *** piety under Okawaru
 10542 | D:9      | Found a runed translucent gate.
 10543 | D:9      | Noticed Cheivey's ghost (novice MiFi)
 10543 | D:9      | Found a runed translucent gate.
 10544 | D:9      | Found a runed translucent gate.
 10558 | D:9      | Identified the +6 chain mail of the Sun {+Inv rPois rC-
                  | Regen+}
 10606 | D:9      | Found a staircase to the Lair.
 10854 | D:9      | Reached **** piety under Okawaru
 11320 | D:9      | Reached XP level 11. HP: 78/87 MP: 19/19
 11701 | D:10     | Entered Level 10 of the Dungeon
 11772 | D:10     | Reached skill level 5 in Conjurations
 11772 | D:10     | Reached skill level 5 in Hexes
 11772 | D:10     | Reached skill level 5 in Summonings
 11772 | D:10     | Reached skill level 5 in Necromancy
 11772 | D:10     | Reached skill level 5 in Translocations
 11772 | D:10     | Reached skill level 5 in Transmutations
 11772 | D:10     | Reached skill level 5 in Fire Magic
 11772 | D:10     | Reached skill level 5 in Ice Magic
 11772 | D:10     | Reached skill level 5 in Air Magic
 11772 | D:10     | Reached skill level 5 in Earth Magic
 11772 | D:10     | Reached skill level 5 in Poison Magic
 12034 | D:10     | Found a shimmering altar of Xom.
 12104 | D:10     | Noticed a centaur warrior
 12124 | D:10     | Killed a centaur warrior
 12165 | D:10     | Reached ***** piety under Okawaru
 12165 | D:10     | Received a gift from Okawaru
 13039 | D:11     | Noticed a manticore
 13055 | D:11     | Killed a manticore
 13413 | D:10     | HP: 4/89 [something (3)]
 14005 | D:11     | Received a gift from Okawaru
 14593 | D:11     | Noticed a two-headed ogre
 14753 | D:11     | Killed a two-headed ogre
 15145 | D:12     | Noticed a purple ugly thing
 15166 | D:12     | Killed a purple ugly thing
 15166 | D:12     | Received a gift from Okawaru
 15376 | D:12     | Reached XP level 12. HP: 85/96 MP: 22/22
 15755 | D:12     | Received a gift from Okawaru
 15879 | D:12     | Identified a scroll of acquirement
 15879 | D:12     | Acquired 476 gold pieces
 15914 | D:12     | Found a staircase to the Orcish Mines.
 16401 | D:12     | Noticed a five-headed hydra
 16407 | D:12     | Acquired 840 gold pieces
 17226 | D:13     | Received a gift from Okawaru
 17655 | D:13     | HP: 4/97 [something (9)]
 17656 | D:13     | Slain by an unseen horror

Illustrated notes

Levels and vault maps discovered:
D:1:      eino_arrival_tree_alley, layout_basic
D:2:      layout_loops_ring, minmay_tetromino_s4
D:3:      layout_rooms, grunt_decor_junction, minivault_23
D:4:      layout_loops_ring, kennysheep_cross_bottleneck
D:5:      layout_basic, nicolae_specific_store, corexii_leaking_fountain,
          nicolae_underground_beach, uniq_eustachio, uniq_blork_the_orc,
          uniq_crazy_yiuf_cottage
D:6:      layout_loops_cross
D:7:      layout_basic, minmay_temple_entry_sparse_star,
          gup_ossuary_entry_pyramid, minmay_crystal_water, uniq_pikel
D:8:      wander_kiku_kobolds, layout_basic
D:9:      layout_loops_ring, dpeg_oklobed_lair, biasface_ghost_orc_armoury,
          minmay_misc_feat_plants
D:10:     layout_rooms, xom_teletrap_fun, minmay_microvault
D:11:     layout_long_grid
D:12:     layout_roguey, minmay_orc_entry_temple_small
D:13:     layout_basic, david_vaults_5, gauntlet_entry_generic,
          minmay_crystal_room, uniq_snorg
Temple:   mainiacjoe_temple_hex_bubbles

Skill      XL: |  1  2  3  4  5  6  7  8  9 10 11 12 |
---------------+-------------------------------------+-----
Invocations    | 1 2 3 4 5 6 7 8 |  8.0
Short Blades   | 1 2 3 4 5 6 7 |  7.3
Long Blades    | 1 2 3 4 5 6 7 |  7.3
Axes           | 1 2 3 4 5 6 7 |  7.3
Maces & Flails | 1 2 3 4 5 6 7 |  7.3
Staves         | 1 2 3 4 5 6 7 |  7.3
Slings         | 1 2 3 4 5 6 7 |  7.3
Bows           | 1 2 3 4 5 6 7 |  7.3
Crossbows      | 1 2 3 4 5 6 7 |  7.3
Throwing       | 1 2 3 4 5 6 7 |  7.3
Dodging        | 1 2 3 4 5 6 7 |  7.3
Stealth        | 1 2 3 4 5 6 7 |  7.3
Unarmed Combat | 1 2 3 4 5 6 7 |  7.3
Spellcasting   | 1 2 3 4 5 6 7 |  7.3
Evocations     | 1 2 3 4 5 6 7 |  7.3
Conjurations   | 1 2 3 4 5 6 |  6.1
Hexes          | 1 2 3 4 5 6 |  6.1
Summonings     | 1 2 3 4 5 6 |  6.1
Necromancy     | 1 2 3 4 5 6 |  6.1
Translocations | 1 2 3 4 5 6 |  6.1
Transmutations | 1 2 3 4 5 6 |  6.1
Fire Magic     | 1 2 3 4 5 6 |  6.1
Ice Magic      | 1 2 3 4 5 6 |  6.1
Air Magic      | 1 2 3 4 5 6 |  6.1
Earth Magic    | 1 2 3 4 5 6 |  6.1
Poison Magic   | 1 2 3 4 5 6 |  6.1
Polearms       | 5 6 7 8 |  8.7
Fighting       | 7 8 9 |  9.9
Armour         | 7 8 9 |  9.9
Shields        | 7 8 9 |  9.9

Action                   |  1- 3 |  4- 6 |  7- 9 | 10-12 || total
-------------------------+-------+-------+-------+-------++-------
Melee: Trident           |   117 |   202 |       |       ||   319
       Bite              |    11 |    10 |    32 |   122 ||   175
       Falchion          |       |    18 |   319 |   875 ||  1212
       Unarmed           |       |       |       |     6 ||     6
       Scimitar          |       |       |       |   120 ||   120
Throw: Boomerang         |       |     7 |     5 |       ||    12
       Dart              |       |       |     5 |    21 ||    26
       Javelin           |       |       |     1 |       ||     1
Invok: Heroism           |       |       |     1 |    12 ||    13
       Finesse           |       |       |       |     4 ||     4
  Use: Scroll            |       |    14 |     3 |    10 ||    27
       Potion            |       |       |     1 |     4 ||     5
 Stab: Sleeping          |       |       |       |     1 ||     1
Armor: Scale mail        |    47 |       |       |       ||    47
       Chain mail        |     7 |   170 |   191 |    61 ||   429
       Plate armour      |       |       |       |   519 ||   519
       Ring mail         |       |       |       |   171 ||   171
       Skin              |       |       |       |     4 ||     4
Dodge: Dodged            |    46 |    97 |   118 |   431 ||   692
Block: Buckler           |    17 |    84 |    97 |   308 ||   506

Table legend: (Time is in decaauts)
 A = Elapsed time spent in this place.
 B = Non-inter-level travel time spent in this place.
 C = Inter-level travel time spent in this place.
 D = Time resting spent in this place.
 E = Time spent auto-exploring this place.
 F = Levels seen in this place.
 G = Mean time per level.
                   A        B        C        D        E       F      G
               +--------+--------+--------+--------+--------+-----+--------+
         Total |  17673 |  17034 |    639 |   2826 |  10697 |  14 | 1262.4 |
       Dungeon |  17219 |  16643 |    576 |   2826 |  10320 |  13 | 1324.5 |
        Temple |    454 |    391 |     63 |      0 |    377 |   1 |  454.0 |
               +--------+--------+--------+--------+--------+-----+--------+

Top non-repeatable levels by time:
    D:12: 2212 daAuts
     D:8: 2121 daAuts
    D:11: 2115 daAuts
     D:7: 1746 daAuts
     D:6: 1700 daAuts
    D:10: 1421 daAuts
     D:5: 1370 daAuts
     D:9: 1293 daAuts
     D:4: 1107 daAuts
     D:2: 830 daAuts
     D:1: 668 daAuts
     D:3: 526 daAuts
  Temple: 454 daAuts
    D:13: 106 daAuts
